 Dungeon Crawl Stone Soup version 0.31-a0-1098-g6898e6545c (webtiles) character file.

Game seed: 6865621087801936989

54 kae the Vexing (level 3, -6/25 HPs)
             Began as a Demonspawn Enchanter on Nov 30, 2023.
             Killed from afar by an orc wizard (9 damage)
             ... with a magic dart
             ... on level 2 of the Dungeon.
             The game lasted 00:01:29 (1935 turns).

kae the Vexing (Demonspawn Enchanter)               Turns: 1935, Time: 00:01:29

Health: -6/25      AC:  3    Str:  8    XL:     3   Next: 66%
Magic:  1/6        EV: 12    Int: 15    God:
Gold:   182        SH:  0    Dex: 15    Spells: 1/6 levels left

rFire   . . .        a - +1 dagger
rCold   . . .        (no shield)
rNeg    . . .        b - +0 robe
rPois   .            (no helmet)
rElec   .            (no cloak)
rCorr   .            (no gloves)
SInv    .            f - +0 pair of boots
Will    .....        (no amulet)
Stlth   ++           (no ring)
HPRegen 0.24/turn    (no ring)
MPRegen 0.10/turn

%: no passive effects
@: mighty
A: hooves 1
a: no special abilities


You were on level 2 of the Dungeon.
You visited 1 branch of the dungeon, and saw 3 of its levels.

You collected 182 gold pieces.


Innate Abilities, Weirdness & Mutations

You have large cloven feet.


   Skills:
 + Level 0.8 Fighting
 * Level 1.5 Short Blades
 - Level 1.7 Dodging
 * Level 3.1 Stealth
 + Level 2.2 Spellcasting
 * Level 3.4 Hexes
 * Level 0.8 Ice Magic


You had one spell level left.
You knew the following spells:

 Your Spells              Type           Power      Damage    Failure   Level
a - Ensorcelled Hibernat  Hex/Ice        16%        N/A       14%         2
b - Confusing Touch       Hex            12%        N/A       16%         3

Your spell library contained the following spells:

 Spells                   Type           Power      Damage    Failure   Level
 Tukima's Dance           Hex            12%        N/A       16%         3
 Dazzling Flash           Conj/Hex       12%        N/A       32%         3

Inventory:

Hand Weapons
 a - a +1 dagger (weapon)
Missiles
 d - 17 stones
 j - 5 poisoned darts
Armour
 b - a +0 robe (worn)
 f - a +0 pair of boots (worn)
   (You found it on level 1 of the Dungeon)
Magical Staves
 g - a staff of cold {!a}
   (You found it on level 2 of the Dungeon)
Scrolls
 h - a scroll of fear
Potions
 c - 2 potions of invisibility
 e - a potion of mutation {!q}

Dungeon Overview and Level Annotations

Branches:
Dungeon (3/15) Zot: 16071

Altars:

##.........#.# #.############
...........#.# #.#...########
...........#.# #.#...........
...#.#.#.#.#.# ###.###.########
...#.#.#.#.#.#####...#...........
...#.#.#.#.......#.###.#..#######
..)#.#.#.#.........#.#.#<.#......
...#.#.#.#......).........#.#####
...#.#.#.#.<...o@#####....#.#
...#.#.#...#..............#.#
...#.#.###########.>......#.#
...#.#....................#.#####
####....####...###........#......
#......................#######
####...####...###.............#
#....>....##### #.......#####.#
#.........# #######.....#.#


You could see an orc wizard.


Message History

You start resting. 😎 MP[+3]
You regained 3 mp, and now have 5/6 mp.
You start resting. 😎 MP[+1]
Your mp is fully restored (6).
You climb downwards.
The orc wizard casts a spell at you. You resist with significant effort.
There is a stone staircase leading up here.
The orc wizard barely misses you.
You climb upwards.
There is a stone staircase leading down here.
Unknown command.
Casting: Ensorcelled Hibernation (safe; 14% risk of failure)
Confirm with . or Enter, or press ? or * to list all spells.
Aiming: Ensorcelled Hibernation (safe; 14% risk of failure)
Press: ? - help, Shift-Dir - straight line, f - orc wizard
Aim: an orc wizard, wielding a +1 dagger of holy wrath and wearing a +0 robe (chance to affect: 41%)
The orc wizard resists with some effort.
The orc wizard barely misses you. 😎 MP[-2]
You lost 2 mp, and now have 4/6 mp.
Casting: Ensorcelled Hibernation (safe; 14% risk of failure)
Confirm with . or Enter, or press ? or * to list all spells.
Aiming: Ensorcelled Hibernation (safe; 14% risk of failure)
Press: ? - help, Shift-Dir - straight line, f/p - orc wizard
Aim: an orc wizard, wielding a +1 dagger of holy wrath and wearing a +0 robe (chance to affect: 41%)
The orc wizard resists with some effort.
The orc wizard closely misses you. 😎 MP[-2]
You lost 2 mp, and now have 2/6 mp.
Casting: Ensorcelled Hibernation (safe; 14% risk of failure)
Confirm with . or Enter, or press ? or * to list all spells.
Aiming: Ensorcelled Hibernation (safe; 14% risk of failure)
Press: ? - help, Shift-Dir - straight line, f/p - orc wizard
Aim: an orc wizard, wielding a +1 dagger of holy wrath and wearing a +0 robe (chance to affect: 41%)
The orc wizard resists with some effort.
The orc wizard hits you with a +1 dagger of holy wrath.
You convulse. 😕 HP[-2] MP[-2]
You take 2 damage, and now have 23/25 hp.
You lost 2 mp, and now have 0/6 mp.
Unknown command.
You hit the orc wizard but do no damage.
The orc wizard misses you. 😕 HP[+1]
You hit the orc wizard.
The orc wizard points at you and mumbles some strange words.
The puff of flame misses you.
Unknown command.
You closely miss the orc wizard.
The orc wizard hits you with a +1 dagger of holy wrath.
You convulse. 😮 HP[-6]
You take 6 damage, and now have 18/25 hp.
MASSIVE DAMAGE!! (PAUSE)
You closely miss the orc wizard. The orc wizard completely misses you.
You hit the orc wizard but do no damage.
The orc wizard barely misses you. 😕 HP[+1]
You barely miss the orc wizard.
The orc wizard hits you but does no damage.
Unknown command.
You hit the orc wizard.
The orc wizard hits you with a +1 dagger of holy wrath.
You convulse. 😮 HP[-3] MP[+1]
You take 3 damage, and now have 16/25 hp.
You barely miss the orc wizard.
The orc wizard hits you with a +1 dagger of holy wrath.
You convulse.
* * * LOW HITPOINT WARNING * * *
😨 HP[-6]
You take 6 damage, and now have 10/25 hp.
MASSIVE DAMAGE!! (PAUSE)
You hit the orc wizard.
The orc wizard hits you with a +1 dagger of holy wrath.
* * * LOW HITPOINT WARNING * * *
You convulse.
* * * LOW HITPOINT WARNING * * *
😨 HP[-2]
You take 2 damage, and now have 8/25 hp.
Unknown command.
You closely miss the orc wizard.
The orc wizard closely misses you. 😨 HP[+1] Unknown command.
You miss the orc wizard.
The orc wizard hits you with a +1 dagger of holy wrath.
* * * LOW HITPOINT WARNING * * *
You convulse.
* * * LOW HITPOINT WARNING * * *
😱 HP[-6]
You take 6 damage, and now have 3/25 hp.
MASSIVE DAMAGE!! (PAUSE) It was a potion of might.
You feel very mighty all of a sudden.
The orc wizard gestures at you while chanting.
The magic dart hits you!
You die...

Skill      XL: |  1  2 |
---------------+-------+-----
Short Blades   | 1 |  1.5
Stealth        | 3 |  3.1
Fighting       | |  0.8
Dodging        | |  1.7
Spellcasting   | |  2.2
Hexes          | |  3.4
Ice Magic      | |  0.8

Action                     || total
---------------------------++-------
  Melee: Dagger            ||   154
   Cast: Ensorcelled Hiber ||     5
    Use: Scroll            ||     2
         Potion            ||     1
   Stab: Sleeping          ||    12
 Armour: Robe              ||    86
  Dodge: Dodged            ||   104

Levels and vault maps discovered:
D:1:      lightli_arrival_lavapool, layout_basic,
          hangedman_abyss_or_decor_lesser_grid
D:2:      layout_basic
D:3:      layout_loops_corners, minitemple

Notes
Turn   | Place    | Note
-------+----------+-------------------------------------------
     0 | D:1      | kae the Demonspawn Enchanter began the quest for the Orb.
     0 | D:1      | Reached XP level 1. HP: 13/13 MP: 3/3
     0 | D:1      | magus.rc [v1.11.3]
    66 | D:1      | Reached skill level 1 in Short Blades
   158 | D:1      | Gained mutation: You have large cloven feet. [demonic
                  | ancestry]
   158 | D:1      | Reached XP level 2. HP: 13/19 MP: 5/5
   167 | D:1      | Learned a level 2 spell: Ensorcelled Hibernation
   673 | D:1      | Reached skill level 3 in Stealth
   706 | D:1      | Reached XP level 3. HP: 15/25 MP: 6/6
  1044 | D:1      | Learned a level 3 spell: Confusing Touch
  1934 | D:2      | HP: 6/25 [orc wizard/+1 dagger of holy wrath (3)]
  1935 | D:2      | Killed from afar by an orc wizard

Vanquished Creatures
  An adder (D:2)
  A dart slug (D:2)
  An orc (D:2)
  3 endoplasms (D:1)
  A giant cockroach (D:2)
  2 goblins
  4 hobgoblins (D:1)
  3 jackals (D:1)
  5 kobolds (D:1)
  9 ball pythons
  3 bats
  3 frilled lizards
  5 rats (D:1)
41 creatures vanquished.

Table legend:
 A = Non-vault XP
 B = Vault XP
 C = Vault XP percentage of total XP
 D = Non-vault monster count
 E = Vault monster count
 F = Vault count percentage of total count
                 A         B        C        D         E       F
            +---------+---------+-------+---------+---------+-------
      Total |      78 |       0 |   0.0 |      41 |       0 |   0.0
            +---------+---------+-------+---------+---------+-------
        D:1 |      46 |       0 |   0.0 |      29 |       0 |   0.0
        D:2 |      32 |       0 |   0.0 |      12 |       0 |   0.0
            +---------+---------+-------+---------+---------+-------

Skill      XL: |  1  2 |
---------------+-------+-----
Short Blades   | 1 |  1.5
Stealth        | 3 |  3.1
Fighting       | |  0.8
Dodging        | |  1.7
Spellcasting   | |  2.2
Hexes          | |  3.4
Ice Magic      | |  0.8

Action                     || total
---------------------------++-------
  Melee: Dagger            ||   154
   Cast: Ensorcelled Hiber ||     5
    Use: Scroll            ||     2
         Potion            ||     1
   Stab: Sleeping          ||    12
 Armour: Robe              ||    86
  Dodge: Dodged            ||   104

Illustrated notes

Table legend:
 A = Kills in this place as a percentage of kills in the entire game.
 B = Kills by you in this place as a percentage of kills by you in the entire game.
 C = Kills by friends in this place as a percentage of kills by friends in the entire game.
 D = Other kills in this place as a percentage of other kills in the entire game.
 E = Experience gained in this place as a percentage of experience gained in the entire game.
 F = Experience gained in this place divided by the number of levels of this place that you have seen.
                   A       B       C       D       E      F
               +-------+-------+-------+-------+-------+----------------------
         Total | 100.0 | 100.0 |   N/A |   N/A | 100.0 |  26.0
       Dungeon | 100.0 | 100.0 |   N/A |   N/A | 100.0 |  26.0
               +-------+-------+-------+-------+-------+----------------------

Table legend: (Time is in decaauts)
 A = Elapsed time spent in this place.
 B = Non-inter-level travel time spent in this place.
 C = Inter-level travel time spent in this place.
 D = Time resting spent in this place.
 E = Time spent auto-exploring this place.
 F = Levels seen in this place.
 G = Mean time per level.
                   A        B        C        D        E       F      G
               +--------+--------+--------+--------+--------+-----+--------+
         Total |   1927 |   1897 |     30 |    143 |   1389 |   3 |  642.3 |
       Dungeon |   1927 |   1897 |     30 |    143 |   1389 |   3 |  642.3 |
               +--------+--------+--------+--------+--------+-----+--------+

Top non-repeatable levels by time:
     D:1: 1053 daAuts
     D:2: 858 daAuts
     D:3: 15 daAuts
